 Dungeon Crawl Stone Soup version 0.27.1 (webtiles) character file.

Game seed: 212761635521207256

56 pmoppi the Poker (level 3, -3/29 HPs)
             Began as a Demonspawn Monk on Aug 23, 2021.
             Killed from afar by an orc wizard (4 damage)
             ... with a magic dart
             ... on level 3 of the Dungeon.
             The game lasted 00:02:10 (2088 turns).

pmoppi the Poker (Demonspawn Monk)                  Turns: 2088, Time: 00:02:10

Health: -3/29      AC:  2    Str: 11    XL:     3   Next: 71%
Magic:  3/3        EV: 13    Int: 12    God:
Gold:   30         SH:  0    Dex: 15    Spells: 2/2 levels left

rFire    . . .     SeeInvis .   a - +0 spear
rCold    . . .     Faith    .   (no shield)
rNeg     . . .     Spirit   .   b - +0 robe
rPois    .         Reflect  .   (no helmet)
rElec    .         Harm     .   (no cloak)
rCorr    .         Rampage  .   (no gloves)
Will     .....                  (no boots)
Stlth    ++........             (no amulet)
HPRegen  0.09/turn              (no ring)
MPRegen  0.08/turn              (no ring)

@: no status effects
A: hooves 1
a: no special abilities


You were on level 3 of the Dungeon.
You visited 1 branch of the dungeon, and saw 3 of its levels.

You collected 30 gold pieces.

Inventory:

Hand Weapons
 a - a +0 spear (weapon)
Armour
 b - a +0 robe (worn)
Scrolls
 c - a scroll of summoning {unknown}
 d - 2 scrolls of identify {unknown}
 e - a scroll of enchant weapon {unknown}
 i - a scroll of amnesia {unknown}
Potions
 f - a potion of haste {unknown}
 g - a potion of brilliance {unknown}
 h - a potion of lignification {unknown}


   Skills:
 + Level 3.4 Fighting
 * Level 3.5 Polearms
 + Level 3.2 Dodging
 - Level 1.7 Stealth


You had 2 spell levels left.
You didn't know any spells.
Your spell library contained the following spells:

 Spells                   Type           Power      Damage    Failure   Level
 Animate Skeleton         Necr           0%         N/A       32%         1
 Pain                     Necr           0%         1d4       32%         1
 Vampiric Draining        Necr           0%         2d6       69%         3


Dungeon Overview and Level Annotations

Branches:
Dungeon (3/15)

Altars:


Innate Abilities, Weirdness & Mutations

You have large cloven feet.


Message History

The orc is heavily wounded.
The orc barely misses you.
You barely miss the orc.
The orc is heavily wounded.
The orc barely misses you. The gnoll hits you with a +0 whip.
You hit the orc. Your kick misses the orc.
The orc is almost dead.
The orc wizard casts a spell.
The orc wizard flickers and vanishes!
Deactivating autopickup; reactivate with Ctrl-A.
The orc hits you with a +0 short sword. The gnoll barely misses you.
You hit the orc but do no damage. Your kick misses the orc.
The orc is almost dead.
The orc hits you with a +0 short sword.
You barely miss the orc.
The orc is almost dead.
The gnoll closely misses you. The gnoll hits you with a +0 club.
The orc barely misses you.
You are too injured to fight recklessly!
You are too injured to fight recklessly!
You are too injured to fight recklessly!
You are too injured to fight recklessly!
You are too injured to fight recklessly!
You are too injured to fight recklessly!
You are too injured to fight recklessly!
You are too injured to fight recklessly!
You are too injured to fight recklessly!
You are too injured to fight recklessly!
You are too injured to fight recklessly!
Unknown command.
Things that are here:
a +0 dagger; a stone The orc throws a boomerang.
The boomerang barely misses you.
You hear some strange, mumbled words.
A puff of flame appears from out of thin air!
The puff of flame hits you!
* * * LOW HITPOINT WARNING * * *
A magic dart appears from out of thin air!
The magic dart hits you.
You die...

##.............
##..............
###............... #.
+####................. ..>
............).......# ....
#................###
....######......go.#..###.#
................o.........#
...........@..{..#....#..#
..#.....#...g..##....# ..
#..<.##...g..#......# .
##...#####..##..##..# #...#
#..# ## #..# ##### #..# ..#
#..# #... #...#


You could see 3 gnolls and 2 orcs.

Vanquished Creatures
  2 adders (D:2)
  2 endoplasms
  4 giant cockroaches (D:1)
  5 goblins
  3 hobgoblins
  2 jackals (D:1)
  2 kobolds
  2 quokkas
  4 ball pythons
  3 bats (D:1)
  5 frilled lizards
  3 rats (D:1)
37 creatures vanquished.

Vanquished Creatures (others)
  A plant (D:1)
1 creature vanquished.

Grand Total: 38 creatures vanquished

Notes
Turn   | Place    | Note
-------+----------+-------------------------------------------
     0 | D:1      | pmoppi the Demonspawn Monk began the quest for the Orb.
     0 | D:1      | Reached XP level 1. HP: 18/18 MP: 1/1
   541 | D:1      | Gained mutation: You have large cloven feet. [demonic
                  | ancestry]
   541 | D:1      | Reached XP level 2. HP: 17/24 MP: 2/2
  1199 | D:1      | Found a faded altar of an unknown god.
  1524 | D:2      | Reached XP level 3. HP: 29/29 MP: 3/3
  2087 | D:3      | HP: 1/29 [something/puff of flame (14)]
  2088 | D:3      | Killed from afar by an orc wizard

Illustrated notes

Levels and vault maps discovered:
D:1:      beargit_arrival_diablo_church, layout_loops_corners,
          shapermc_ecumenical_altar_mp_urbaneastern
D:2:      layout_basic, minmay_crystal_room, supply_closet_lemuel,
          minmay_misc_feat_alley
D:3:      layout_rooms, mainiacjoe_overflow_two_lobes,
          mainiacjoe_overflow_24_doors, lemuel_doored_altar,
          minmay_misc_feat_iff, columned_hall_lemuel,
          kennysheep_decorative_pillar, kennysheep_potato, uniq_grinder

Skill      XL: |  1  2 |
---------------+-------+-----
Polearms       | 3 |  3.5
Dodging        | 3 |  3.2
Fighting       | |  3.4
Stealth        | |  1.7

Action                   || total
-------------------------++-------
Melee: Spear             ||   139
       Kick              ||    17
 Stab: Sleeping          ||     8
Armor: Robe              ||    13
Dodge: Dodged            ||    78
